 Dungeon Crawl Stone Soup version 0.31-a0-986-g5e6e4ef867 (webtiles) character file.

Game seed: 5573592000095630017

74802 hikkokomori the Fighter (level 14, -5/122 HPs)
             Began as a Demigod Ice Elementalist on Oct 31, 2023.
             Slain by a salamander
             ... wielding a +0 spear
              (8 damage)
             ... on level 1 of the Snake Pit on Nov 4, 2023.
             The game lasted 01:31:43 (26667 turns).

hikkokomori the Fighter (Demigod Ice Elementalist) Turns: 26667, Time: 01:31:44

Health: -5/122     AC: 13    Str: 13    XL:     14   Next: 66%
Magic:  0/33       EV: 16    Int: 35    God:
Gold:   1299       SH:  0    Dex: 21    Spells: 0/34 levels left

rFire   . . .        n - +10 rapier "Socaciev" {drain, Stlth+}
rCold   + . .        E - orb of the Snail {*Rage, rN+ Int+4 Dex+3}
rNeg    + + +        H - +2 ring mail {rC+}
rPois   .            P - +1 helmet {SInv}
rElec   .            v - +0 cloak
rCorr   .            G - +0 pair of gloves "Hithry" {rN++ Stlth-}
SInv    +            K - +1 pair of boots {Stlth+}
Will    +....        w - amulet of magic regeneration
Stlth   +++++        d - +6 ring of intelligence
HPRegen 0.40/turn    x - +5 ring of evasion
MPRegen 0.63/turn

%: random rage (20%)
@: constricted
A: high MP 1, forlorn, divine attributes
a: no special abilities


You were on level 1 of the Snake Pit.
You visited 5 branches of the dungeon, and saw 19 of its levels.

You collected 2231 gold pieces.
You spent 932 gold pieces at shops.

Inventory:

Hand Weapons
 f - the +11 plutonium sword {Contam Stlth-}
   (You found it on level 10 of the Dungeon)

   Contam:    It causes magical contamination when unequipped.
   Stlth-:    It makes you less stealthy.
 n - the +10 rapier "Socaciev" (weapon) {drain, Stlth+}
   (You bought it in a shop on level 2 of the Orcish Mines)

   Stlth+:    It makes you more stealthy.
 s - a +5 broad axe of flaming
 B - a +4 short sword of flaming
 O - a +1 arbalest of flaming
Missiles
 A - 4 javelins
 L - 5 curare-tipped darts
Armour
 a - a +4 scale mail
 v - a +0 cloak (worn)
 E - the orb of the Snail (worn) {*Rage, rN+ Int+4 Dex+3}
   (You bought it in a shop on level 2 of the Orcish Mines)

   Int+4:     It affects your intelligence (+4).
   Dex+3:     It affects your dexterity (+3).
   rN+:       It protects you from negative energy.
 G - the +0 pair of gloves "Hithry" (worn) {rN++ Stlth-}
   (You found it on level 9 of the Dungeon)

   rN++:      It greatly protects you from negative energy.
   Stlth-:    It makes you less stealthy.
 H - a +2 ring mail of cold resistance (worn)
 K - a +1 pair of boots of stealth (worn)
 P - a +1 helmet of see invisible (worn)
 S - a +2 robe of cold resistance
Jewellery
 d - a +6 ring of intelligence (left hand)
 p - a ring of fire
 w - an amulet of magic regeneration (around neck)
 x - a +5 ring of evasion (right hand)
 z - a +6 ring of dexterity
 J - a ring of ice
 M - a ring of protection from fire
 V - a ring of see invisible
Wands
 g - a wand of mindburst (15)
 k - a wand of flame (10)
 m - a wand of digging (7)
 r - a wand of roots (6)
 I - a wand of paralysis (7)
 U - a wand of polymorph (6)
Scrolls
 e - 5 scrolls of vulnerability
 h - 4 scrolls of identify
 l - 5 scrolls of teleportation
 u - 3 scrolls of revelation
 y - 3 scrolls of amnesia
 Q - a scroll of silence
 T - a scroll of immolation
 W - a scroll of enchant armour
Potions
 b - a potion of magic
 c - 2 potions of brilliance
 i - 3 potions of enlightenment
 j - 3 potions of cancellation
 q - 5 potions of lignification
 t - a potion of might
 D - 2 potions of haste
 F - 3 potions of curing
Miscellaneous
 o - a lightning rod (4/4)
 C - a phantom mirror


   Skills:
 + Level 10.9 Fighting
 + Level 6.0(7.2) Short Blades
 - Level 6.0(7.2) Long Blades
 - Level 6.0 Dodging
 - Level 8.3 Stealth
 + Level 10.7 Spellcasting
 + Level 9.5 Conjurations
 - Level 4.1 Summonings
 + Level 0.2 Transmutations
 + Level 6.9 Fire Magic
 - Level 6.3 Ice Magic
 - Level 2.2 Air Magic
 - Level 6.8 Evocations


You couldn't memorise any spells.
You knew the following spells:

 Your Spells              Type           Power      Damage    Failure   Level
a - Freeze                Ice            100%       1d10      1%          1
b - Frozen Ramparts       Ice            100%       1d16      1%          3
c - Swiftness             Air            34%        N/A       6%          3
d - Ozocubu's Armour      Ice            59%        N/A       1%          3
e - Summon Ice Beast      Ice/Summ       53%        N/A       6%          4
f - Ensorcelled Hibernat  Hex/Ice        82%        N/A       1%          2
g - Iskenderun's Battles  Conj           72%        2d12      2%          5
h - Magic Dart            Conj           100%       1d8       1%          1
i - Fireball              Conj/Fire      33%        3d14      4%          5
j - Irradiate             Conj/Tmut      26%        3d20      19%         5
k - Wereblood             Tmut           20%        N/A       7%          2

Your spell library contained the following spells:

 Spells                   Type           Power      Damage    Failure   Level
 Shock                    Conj/Air       100%       1d9       1%          1
 Call Imp                 Summ           94%        N/A       1%          2
 Momentum Strike          Conj/Tloc      100%       3d10      1%          2
 Scorch                   Fire           100%       2d9       1%          2
 Searing Ray              Conj           100%       2d8       1%          2
 Flame Wave               Conj/Fire      67%        2d15      1%          4
 Sticky Flame             Conj/Fire      67%        2d8       1%          4
 Call Canine Familiar     Summ           47%        N/A       2%          3
 Mephitic Cloud           Conj/Pois/Air  46%        N/A       3%          3
 Ignite Poison            Fire/Tmut/Pois 35%        N/A       5%          3
 Brom's Barrelling Bould  Conj/Erth      51%        2d7       7%          4
 Fulminant Prism          Conj/Hex       25%        3d14      7%          4
 Blink                    Tloc           36%        N/A       8%          2
 Lesser Beckoning         Tloc           36%        N/A       8%          2
 Passwall                 Tmut/Erth      15%        N/A       8%          2
 Sigil of Binding         Hex            18%        N/A       16%         3
 Airstrike                Air            17%        2d(3-19)  21%         4
 Dimensional Bullseye     Hex/Tloc       9%         N/A       45%         4
 Leda's Liquefaction      Hex/Erth       9%         N/A       45%         4
 Conjure Ball Lightning   Conj/Air       28%        3x3d8     56%         6
 Orb of Destruction       Conj           36%        9d11      63%         7
 Bombard                  Conj/Erth      25%        9d5       73%         6
 Lee's Rapid Deconstruct  Erth           9%         3d7*      80%         5
 Summon Cactus Giant      Summ           23%        N/A       82%         6
 Ignition                 Fire           30%        3d10      100%        8


Dungeon Overview and Level Annotations

Branches:
Dungeon (10/15)            Temple (0/1) D:6            Lair (5/5) D:9
  Swamp (0/4) Lair:2        Snake (1/4) Lair:2        Slime (0/5) Lair:4
    Orc (2/2) D:9             Elf (1/3) Orc:2

Shops:
D:10 (   Orc:2 :([*

Annotations:
D:3 2 runed translucent doors, AppTheSpectato's ghost, amateur HOMo
D:7 2 transporters, croobank's ghost, novice FeFi
Lair:4 2 transporters, Peulonen's ghost, journeyman TeDe


Innate Abilities, Weirdness & Mutations

You have an increased reservoir of magic. (+10% MP)
You shall have no god before yourself.
Your divine heritage dramatically boosts your attributes as you level up.


Message History

Okay, then.
Casting: Fireball (dangerous; 4% risk of failure)
Confirm with . or Enter, or press ? or * to list all spells.
Okay, then.
Unknown command.
Okay, then.
Unknown command.
Okay, then.
Unknown command.
Okay, then.
Unknown command.
Press: ? - help, v - describe, . - travel
Here: an anaconda (almost dead, constricting you)
The floor.
Unknown command.
You escape the anaconda's grasp.
The black mamba bites you.
* * * LOW HITPOINT WARNING * * *
The mana viper closely misses you.
The salamander hits you from afar with a +0 spear!
* * * LOW HITPOINT WARNING * * *
You are engulfed in flames!
* * * LOW HITPOINT WARNING * * *
The anaconda grabs you.
You stop ascending the stairs.
The anaconda bites you!
* * * LOW HITPOINT WARNING * * *
The anaconda constricts you.
The black mamba bites you but does no damage.
Unknown command.
Unknown command.
Okay, then.
You feel much better. The anaconda closely misses you.
The anaconda constricts you.
* * * LOW HITPOINT WARNING * * *
The mana viper bites you!
* * * LOW HITPOINT WARNING * * *
You feel your power leaking away. The black mamba barely misses you.
The salamander hits you from afar with a +0 spear!
* * * LOW HITPOINT WARNING * * *
You are engulfed in flames!
You die...

#..### ##
#..#.##..
#..#.....
#........
#........
#........
#........
#@S...)..
#SSN..#..
#NS...#
#........
#....N)..
#N.......
#........
.........


You could see 2 salamanders, an anaconda, a naga ritualist, 2 mana vipers, a
black mamba (curare) and a naga.

Vanquished Creatures
  Gastronok (Lair:2)
  An orc warlord (Orc:2)
  2 fire dragons
  Fannar (Lair:3)
  3 hydras
  An ice dragon (Lair:5)
  An anaconda (Snake:1)
  4 two-headed ogres
  11 death yaks
  An orc high priest (Orc:2)
  Sonja (D:10)
  Amaemon (D:10)
  2 spriggan druids (Lair:2)
  Pikel (D:7)
  2 lindwurms
  7 orc sorcerers
  7 orc knights
  2 deep elf pyromancers (Elf:1)
  A manticore (D:10)
  An ugly thing (D:10)
  An oklob plant (Lair:2)
  A cyclops (Orc:2)
  Joseph (D:7)
  4 black mambas
  Maurice (Orc:2)
  A naga mage (Snake:1)
  5 torpor snails (Lair:5)
  An unseen horror (D:10)
  12 cane toads
  4 komodo dragons
  A freezing wraith (D:10)
  4 rime drakes
  4 trolls
  A tyrant leech (Lair:5)
  7 hornets (Lair:5)
  A polar bear (Lair:3)
  37 blink frogs
  10 dream sheep (Lair:5)
  2 shadows (D:10)
  6 humans (D:7)
  6 wyverns
  35 yaks
  3 basilisks
  A vampire mosquito (D:10)
  A wraith (D:10)
  Grum (D:8)
  A steam dragon (D:10)
  Menkaure (D:6)
  An acid dragon (D:10)
  6 wargs
  Edmund (D:6)
  A naga (Snake:1)
  13 water moccasins
  A hornet zombie (D:5)
  An ice beast (D:5)
  30 orc warriors
  3 black bears
  4 ogres
  A centaur (D:10)
  22 wolves
  A phantom (D:5)
  2 kobold brigands
  Blork the orc (D:6)
  2 nameless horrors
  11 bullfrogs
  5 scorpions
  A necrophage (D:5)
  7 wights
  15 killer bees
  A centaur zombie (D:5)
  2 bullfrog zombies (D:5)
  10 hounds
  A human zombie (D:5)
  2 jellies
  15 orc priests
  Crazy Yiuf (D:6)
  2 sleepcaps
  3 iguanas
  17 orc wizards
  A killer bee zombie (D:5)
  A hound zombie (D:5)
  9 gnolls
  7 adders
  3 white imps
  2 worms
  6 dart slugs
  72 orcs
  9 ball pythons
  7 bats
  5 endoplasms
  3 giant cockroaches
  5 goblins
  4 hobgoblins
  2 jackals (D:4)
  6 quokkas
  A frilled lizard (D:2)
  20 kobolds
  6 rats
556 creatures vanquished.

Vanquished Creatures (collateral kills)
  A centaur warrior (D:10)
  A two-headed ogre (D:8)
  A lindwurm (Lair:5)
  A cane toad (Lair:1)
  A torpor snail (Lair:5)
  An orange demon (D:10)
  3 komodo dragons
  A tyrant leech (Lair:5)
  3 blink frogs
  A hornet (Lair:5)
  6 yaks
  A human (D:9)
  2 orc warriors
  2 wolves (Lair:2)
  A bullfrog (D:9)
  2 wights (D:9)
  A killer bee (D:9)
  2 jellies (D:8)
  2 orc priests
  A sleepcap (D:8)
  3 orc wizards
  5 orcs
42 creatures vanquished.

Vanquished Creatures (others)
  A shadow (D:10)
  An orc (Orc:2)
2 creatures vanquished.

Grand Total: 600 creatures vanquished

Notes
Turn   | Place    | Note
-------+----------+-------------------------------------------
     0 | D:1      | hikkokomori the Demigod Ice Elementalist began the quest
                  | for the Orb.
     0 | D:1      | Reached XP level 1. HP: 14/14 MP: 5/5
   223 | D:1      | Reached XP level 2. HP: 20/20 MP: 5/7
  1371 | D:2      | You fall into a shaft and drop 1 floor!
  1467 | D:3      | Reached XP level 3. HP: 23/27 MP: 4/8
  1517 | D:3      | Found a large runed translucent door.
  1523 | D:3      | Found a large runed translucent door.
  2293 | D:3      | Noticed AppTheSpectato's ghost (amateur HOMo)
  2351 | D:2      | Learned a level 3 spell: Frozen Ramparts
  2532 | D:2      | Reached skill level 1 in Fighting
  2560 | D:2      | Reached XP level 4. HP: 29/35 MP: 6/10
  3215 | D:4      | Reached XP level 5. HP: 8/41 MP: 3/12
  3897 | D:4      | Learned a level 3 spell: Swiftness
  4177 | D:5      | Entered Level 5 of the Dungeon
  4213 | D:5      | Reached XP level 6. HP: 11/49 MP: 10/13
  4610 | D:4      | Reached XP level 7. HP: 30/58 MP: 13/19
  4711 | D:4      | Learned a level 3 spell: Ozocubu's Armour
  4716 | D:4      | Learned a level 4 spell: Summon Ice Beast
  4719 | D:4      | Learned a level 2 spell: Ensorcelled Hibernation
  5094 | D:5      | Reached skill level 1 in Summonings
  5278 | D:5      | Reached skill level 5 in Ice Magic
  5278 | D:5      | Reached XP level 8. HP: 47/69 MP: 17/21
  6177 | D:6      | Found a staircase to the Ecumenical Temple.
  6370 | D:6      | Noticed Blork the orc
  6396 | D:6      | Killed Blork the orc
  6533 | D:6      | Noticed Menkaure
  6547 | D:6      | Killed Menkaure
  7235 | D:6      | Noticed Edmund
  7254 | D:6      | Killed Edmund
  7255 | D:6      | Reached XP level 9. HP: 42/78 MP: 22/22
  7866 | D:6      | Found a runed translucent door.
  7867 | D:6      | Noticed Crazy Yiuf
  8202 | D:6      | Killed Crazy Yiuf
  8379 | D:7      | Reached skill level 1 in Short Blades
  8390 | D:7      | Reached skill level 1 in Air Magic
  8448 | D:7      | Noticed croobank's ghost (novice FeFi)
  8450 | D:7      | Found a transporter.
  8452 | D:7      | Noticed a red ugly thing
  8473 | D:7      | Noticed Joseph
  8478 | D:7      | Noticed Pikel
  8690 | D:7      | Found a transporter.
  8718 | D:7      | Killed Pikel
  8828 | D:7      | Identified the +1 robe of the Desert {-Cast rElec Regen+
                  | SInv}
  9183 | D:7      | Killed Joseph
  9484 | D:8      | Reached XP level 10. HP: 86/86 MP: 23/23
  9489 | D:8      | Noticed Grum
  9506 | D:8      | Killed Grum
  9520 | D:8      | Learned a level 5 spell: Iskenderun's Battlesphere
  9685 | D:8      | Noticed a two-headed ogre
  9701 | D:8      | Killed a two-headed ogre
  9702 | D:8      | Reached skill level 1 in Conjurations
 10748 | D:9      | Found a staircase to the Orcish Mines.
 10752 | D:9      | Identified the +2 chain mail of the Hidden Vale {Regen+
                  | Str+6 Slay-5}
 11062 | D:9      | Identified the +0 pair of gloves "Hithry" {rN++ Stlth-}
 11080 | D:9      | Found a staircase to the Lair.
 11396 | D:9      | Reached XP level 11. HP: 94/94 MP: 26/26
 11644 | Orc:1    | Entered Level 1 of the Orcish Mines
 11666 | Orc:1    | Noticed a two-headed ogre
 11682 | Orc:1    | Killed a two-headed ogre
 11729 | Orc:1    | Noticed an orc knight
 11859 | Lair:1   | Entered Level 1 of the Lair of Beasts
 12004 | Lair:1   | Reached skill level 5 in Conjurations
 12025 | Lair:1   | Reached skill level 5 in Short Blades
 13277 | Lair:1   | Learned a level 1 spell: Magic Dart
 13316 | D:10     | Entered Level 10 of the Dungeon
 13330 | D:10     | Noticed a two-headed ogre
 13348 | D:10     | Killed a two-headed ogre
 13349 | D:10     | Reached skill level 1 in Evocations
 13587 | D:10     | Noticed Amaemon
 13599 | D:10     | Killed Amaemon
 13683 | D:10     | Noticed a fire dragon
 14028 | D:10     | Reached XP level 12. HP: 104/104 MP: 15/28
 14279 | D:10     | Noticed a centaur warrior
 14548 | D:10     | Killed a centaur warrior
 14800 | D:10     | Killed a fire dragon
 15055 | D:10     | Found the +11 plutonium sword {Contam Stlth-}
 15217 | D:10     | Found Ericop's Antique Weapon Boutique.
 15348 | D:10     | Noticed Sonja
 15364 | D:10     | Killed Sonja
 15498 | D:10     | Reached skill level 1 in Long Blades
 15551 | D:10     | Learned a level 5 spell: Fireball
 16215 | Lair:2   | Reached skill level 1 in Fire Magic
 16317 | Lair:2   | Noticed Gastronok
 16331 | Lair:2   | Killed Gastronok
 16502 | Lair:2   | Found a staircase to the Swamp.
 16999 | Lair:2   | Found a staircase to the Snake Pit.
 17395 | Lair:3   | Reached XP level 13. HP: 112/112 MP: 15/30
 17444 | Lair:3   | Noticed Fannar
 17464 | Lair:3   | Reached skill level 5 in Evocations
 17834 | Lair:3   | Killed Fannar
 18024 | Lair:3   | Reached skill level 10 in Fighting
 18252 | Lair:3   | HP: 3/113 [death yak (8)]
 19497 | Lair:4   | Noticed Peulonen's ghost (journeyman TeDe)
 20118 | Lair:4   | Found a transporter.
 20120 | Lair:4   | Found a transporter.
 20981 | Lair:4   | Found a staircase to the Slime Pits.
 21166 | Lair:5   | Entered Level 5 of the Lair of Beasts
 21437 | Lair:5   | Reached skill level 5 in Fire Magic
 21792 | Lair:5   | Upgraded the game from 0.31-a0-981-geadf994542 to
                  | 0.31-a0-986-g5e6e4ef867
 21961 | Lair:5   | Reached skill level 10 in Spellcasting
 21969 | Lair:5   | Reached XP level 14. HP: 101/121 MP: 11/32
 22490 | Lair:5   | Found a runed translucent door.
 23069 | Lair:5   | Reached skill level 5 in Long Blades
 24247 | Orc:2    | Entered Level 2 of the Orcish Mines
 24248 | Orc:2    | Noticed an orc warlord
 24386 | Orc:2    | Found a staircase to the Elven Halls.
 24393 | Depths:1 | Identified the "Wucor"
 24393 | WizLab   | Identified the of Kokkeas
 24393 | Elf:1    | Identified the "Viamus"
 24393 | Elf:1    | Entered Level 1 of the Elven Halls
 25379 | Orc:2    | Found Fukuesoegaa's Antique Armour Boutique.
 25492 | Orc:2    | Found Qoulomic's Antique Weapon Shoppe.
 25672 | Orc:2    | Noticed Maurice
 25677 | Orc:2    | Killed Maurice
 25789 | Orc:2    | Found Ogarr's General Store.
 25876 | Orc:2    | Found Limiah's Book Shoppe.
 25885 | Orc:2    | Killed an orc warlord
 26459 | Orc:2    | Bought a pitted rapier for 270 gold pieces
 26459 | Orc:2    | Identified the +10 rapier "Socaciev" {drain, Stlth+} (You
                  | bought it in a shop on level 2 of the Orcish Mines)
 26487 | Orc:2    | Bought a brightly glowing orb for 392 gold pieces
 26487 | Orc:2    | Identified the orb of the Snail {*Rage, rN+ Int+4 Dex+3}
                  | (You bought it in a shop on level 2 of the Orcish Mines)
 26541 | Orc:2    | Bought a book of Changes for 270 gold pieces
 26547 | Orc:2    | Learned a level 5 spell: Irradiate
 26550 | Orc:2    | Learned a level 2 spell: Wereblood
 26655 | Snake:1  | Entered Level 1 of the Snake Pit
 26667 | Snake:1  | HP: 3/122 [salamander/+0 spear (12)]
 26667 | Snake:1  | Slain by a salamander

Illustrated notes

Levels and vault maps discovered:
D:1:      onia_arrival_mini_maze, layout_basic, serial_aquarium,
          aquarium_bridge_straight [aquarium_subvault_bridge,
          aquarium_subvault_window, aquarium_subvault_bridge,
          aquarium_subvault_wall], aquarium_window_1, aquarium_window_2,
          aquarium_window_fake, aquarium_view_2c, aquarium_view_2a,
          roderic_roman_lattice
D:2:      layout_loops_ring, basic_ecumenical_altar, minmay_tromino_v4_b
D:3:      layout_loops_corners, ebering_ghost_disaster_area
D:4:      layout_cave_pods, chequers_temple_overflow_statue_of_worship,
          minmay_quantized
D:5:      layout_basic, lemuel_mausoleum_altar_kikubaaqudgha,
          minmay_stone_trees_small
D:6:      layout_layer_cave, minmay_temple_entry_grid, uniq_menkaure,
          uniq_crazy_yiuf_cottage, uniq_blork_the_orc, uniq_edmund
D:7:      layout_gridville, gammafunk_ghost_arena, minmay_ruffians, uniq_pikel,
          uniq_joseph
D:8:      layout_cave_pools, minmay_misc_feat_iff, st_stairs_6, uniq_grum
D:9:      layout_roguey, dpeg_oklobed_lair, erik_orc_4, special_room
          [special_room_orc]
D:10:     minmay_the_grid_net [minmay_the_grid_dragon_b, minmay_the_grid_box_x,
          minmay_the_grid_odd_star, minmay_the_grid_outer_diamond,
          minmay_the_grid_minigrid_small,
          minmay_the_grid_prize_four_corners_diamond_b], layout_grid_maze,
          serial_shops, nicolae_shop_tiny_waterfront, uniq_amaemon, uniq_sonja
Lair:1:   beast_lair_carwin_large_4, layout_long_grid
Lair:2:   layout_loops_ring, mainiacjoe_swamp_entry_angry_trees,
          dummy_snake_entry, minmay_lair_oklob_bushes, uniq_gastronok
Lair:3:   layout_chaotic_city, serial_bayou_shore_a, uniq_fannar
Lair:4:   layout_layer_cave, dpeg_slime_entry_enclosed,
          gammafunk_ghost_wrathful_warriors, lemuel_fruit_fields,
          grunt_megastairs_1, infiniplex_staircase_pool
Lair:5:   wormcave, layout_cave_pods, st_stairs_3, grunt_megastairs_4,
          lemuel_fruit_tree
Snake:1:  layout_grid_shapes, basic_altar, serial_nicolae_subway,
          nicolae_sub_station_stone, nicolae_sub_station_crystal,
          nicolae_sub_station_metal
Orc:1:    layout_caves
Orc:2:    grunt_orc_gardens, layout_caves, grunt_orc_garden, grunt_orc_garden,
          grunt_orc_garden, grunt_orc_garden, uniq_maurice
Elf:1:    nicolae_elf_arrival_fired_up, layout_loops_corners, serial_shops,
          shop, minmay_elf_sorcery, solitary_fountain, nicolae_custom_books,
          uniq_zenata

Skill      XL: |  1  2  3  4  5  6  7  8  9 10 11 12 13 14 |
---------------+-------------------------------------------+-----
Dodging        | 2 6 |  6.0
Stealth        | 2 3 7 8 |  8.3
Spellcasting   | 2 3 6 7 8 9 10 | 10.7
Ice Magic      | 4 5 6 |  6.3
Fighting       | 1 2 6 7 8 9 10 | 10.9
Summonings     | 1 2 3 4 |  4.1
Short Blades   | 2 4 5 6 |  6.0
Air Magic      | 2 |  2.2
Conjurations   | 3 7 8 9 |  9.5
Evocations     | 2 4 6 |  6.8
Long Blades    | 3 4 6 |  6.0
Fire Magic     | 2 5 6 |  6.9
Transmutations | |  0.2

Action                     |  1- 3 |  4- 6 |  7- 9 | 10-12 | 13-15 || total
---------------------------+-------+-------+-------+-------+-------++-------
  Melee: Unarmed           |    16 |       |       |       |       ||    16
         Dagger            |    18 |       |       |       |       ||    18
         Falchion          |    31 |   120 |   130 |       |       ||   281
         Punch             |       |       |     8 |     4 |     4 ||    16
         Short sword       |       |       |   235 |   436 |   127 ||   798
         Triple sword      |       |       |       |       |   161 ||   161
         Rapier            |       |       |       |       |     2 ||     2
   Cast: Freeze            |    48 |     2 |     1 |     3 |     2 ||    56
         Frozen Ramparts   |     2 |     6 |    21 |    31 |     7 ||    67
         Swiftness         |       |     1 |       |     1 |     1 ||     3
         Ozocubu's Armour  |       |       |    17 |    13 |    12 ||    42
         Ensorcelled Hiber |       |       |     6 |     8 |       ||    14
         Summon Ice Beast  |       |       |     1 |    30 |    14 ||    45
         Magic Dart        |       |       |       |   178 |   223 ||   401
         Iskenderun's Batt |       |       |       |    33 |    56 ||    89
         Fireball          |       |       |       |     3 |   113 ||   116
  Evoke: Wand              |       |       |     1 |     3 |     1 ||     5
         Phantom mirror    |       |       |       |       |     1 ||     1
    Use: Potion            |     1 |     2 |     2 |     4 |     2 ||    11
         Scroll            |       |     7 |     9 |     5 |     4 ||    25
   Stab: Sleeping          |     5 |     6 |    19 |    11 |     5 ||    46
         Distracted        |       |       |       |     3 |     2 ||     5
 Armour: Robe              |    61 |   113 |   222 |       |   218 ||   614
         Ring mail         |       |       |       |   301 |    80 ||   381
  Dodge: Dodged            |    83 |   135 |   375 |   469 |   449 ||  1511

Table legend: (Time is in decaauts)
 A = Elapsed time spent in this place.
 B = Non-inter-level travel time spent in this place.
 C = Inter-level travel time spent in this place.
 D = Time resting spent in this place.
 E = Time spent auto-exploring this place.
 F = Levels seen in this place.
 G = Mean time per level.
                   A        B        C        D        E       F      G
               +--------+--------+--------+--------+--------+-----+--------+
         Total |  26710 |  25707 |   1003 |   5537 |  15289 |  19 | 1405.8 |
       Dungeon |  14397 |  13917 |    480 |   2338 |   8932 |  10 | 1439.7 |
          Lair |   9296 |   9017 |    279 |   2351 |   5131 |   5 | 1859.2 |
     Snake Pit |     11 |     11 |      0 |      0 |      0 |   1 |   11.0 |
  Orcish Mines |   2996 |   2754 |    242 |    848 |   1226 |   2 | 1498.0 |
   Elven Halls |      9 |      9 |      0 |      0 |      0 |   1 |    9.0 |
               +--------+--------+--------+--------+--------+-----+--------+

Top non-repeatable levels by time:
     D:6: 2149 daAuts
  Lair:5: 2104 daAuts
  Lair:4: 2090 daAuts
  Lair:3: 2009 daAuts
    D:10: 1969 daAuts
     D:5: 1889 daAuts
     D:9: 1856 daAuts
  Lair:1: 1687 daAuts
   Orc:1: 1619 daAuts
  Lair:2: 1404 daAuts
   Orc:2: 1376 daAuts
     D:4: 1322 daAuts
     D:1: 1199 daAuts
     D:7: 1186 daAuts
     D:8: 1020 daAuts
